 Dungeon Crawl Stone Soup version 0.22-a0-240-g539252a (webtiles) character file.

646 tidbits the Insei (level 7, 21/52 HPs)
             Began as a Gnoll Transmuter on Feb 21, 2018.
             Quit the game on level 7 of the Dungeon.
             The game lasted 00:09:16 (1176 turns).

tidbits the Insei (Gnoll Transmuter)                Turns: 1176, Time: 00:09:17

Health: 21/52      AC:  2    Str: 13    XL:     7   Next: 52%
Magic:  11/15      EV: 25    Int: 17    God:
Gold:   159        SH:  0    Dex: 22    Spells: 11/17 levels left

rFire    + . .     SeeInvis .     - Unarmed
rCold    + . .     Gourm    .   (shield currently unavailable)
rNeg     . . .     Faith    .   (armour currently unavailable)
rPois    .         Spirit   .   (helmet currently unavailable)
rElec    +         Reflect  .   (cloak currently unavailable)
rCorr    +         Harm     .   (gloves currently unavailable)
MR       .....                  (boots currently unavailable)
Stlth    +++.......             (no amulet)
HPRegen  0.17/turn              W - ring of wizardry
MPRegen  0.14/turn              (no ring)

@: lethally poisoned (21 -> -6), spider-form, resistant, hasted, very quick
A: tiny, distributed training, agile 1, strong nose
a: End Transformation


You were on level 7 of the Dungeon.
You were not hungry.
You were a venomous arachnid creature.
You visited 1 branch of the dungeon, and saw 7 of its levels.

You collected 159 gold pieces.

Inventory:

Hand Weapons
 n - a +1 dagger (melded)
 q - a +0 trident
 u - a +0 long sword
Missiles
 a - 6 arrows
 m - 2 tomahawks (quivered)
Armour
 t - a cursed +0 ring mail
 v - a +0 ring mail
 B - a +0 robe (melded)
 E - a +1 helmet (melded)
Jewellery
 W - a ring of wizardry (left front leg)
   (You found it on level 2 of the Dungeon)
Wands
 d - a wand of acid (4)
 p - a wand of random effects (20)
Scrolls
 h - a scroll of noise
 i - a scroll of fog
 k - 2 scrolls of remove curse
 o - 2 scrolls of amnesia
 s - a scroll of blinking
Potions
 e - a potion of ambrosia
Comestibles
 c - 8 rations
 f - 2 chunks of flesh


   Skills:
 + Level 3.6 Fighting
 + Level 2.5 Short Blades
 + Level 2.5 Long Blades
 + Level 2.5 Axes
 + Level 2.5 Maces & Flails
 + Level 2.5 Polearms
 + Level 2.5 Staves
 + Level 2.5 Slings
 + Level 2.5 Bows
 + Level 2.5 Crossbows
 + Level 2.5 Throwing
 + Level 2.5 Armour
 + Level 5.2 Dodging
 + Level 2.5 Stealth
 + Level 2.5 Shields
 + Level 7.0 Unarmed Combat
 + Level 5.6 Spellcasting
 + Level 2.0 Conjurations
 + Level 2.0 Hexes
 + Level 2.0 Charms
 + Level 2.0 Summonings
 + Level 2.0 Necromancy
 + Level 2.0 Translocations
 + Level 4.3 Transmutations
 + Level 2.0 Fire Magic
 + Level 2.0 Ice Magic
 + Level 2.0 Air Magic
 + Level 2.0 Earth Magic
 + Level 2.0 Poison Magic
 + Level 2.7 Invocations
 + Level 2.5 Evocations


You had 11 spell levels left.
You knew the following spells:

 Your Spells              Type           Power        Failure   Level  Hunger
e - Beastly Appendage     Tmut           ###...       3%          1    None
k - Sticks to Snakes      Tmut           ###.....     4%          2    #......
p - Spider Form           Tmut/Pois      ###.......   11%         3    ##.....


Dungeon Overview and Level Annotations

Branches:
Dungeon (7/15)
 Temple: D:4-7

Altars:
Nemelex Xobeh
Qazlal

Annotations:
D:7 Amnesiac's ghost, novice SpAr


Innate Abilities, Weirdness & Mutations

Your experience applies equally to all skills.
((You have very sharp teeth.))
Your uncanny sense of smell can sniff out nearby items.
You are agile. (Dex +2)
((Your system is resistant to poisons. (rPois)))


Message History

It was a potion of heal wounds.
You feel much better.
It was a potion of mutation.
You feel extremely strange.
You feel agile.
You feel resistant to poisons.
Evoke which item? (* to show all) (? for menu, Esc to quit)
Aiming: Corrosive Bolt
Press: ? - help, Shift-Dir - straight line, f - Amnesiac's ghost
Aim: Amnesiac's ghost, wielding a weapon of venom The bolt of acid misses Amnesiac's ghost.
The bolt of acid hits the jelly.
The jelly completely resists.
Amnesiac's ghost barely misses you.
There is a stone staircase leading up here.
Amnesiac's ghost hits you but does no damage.
You climb upwards.
There is a stone staircase leading down here.
Unknown command.
Things that are here:
2 chunks of flesh; a dagger; an orc skeleton
f - 2 chunks of flesh
As you read the scroll labeled HUOXIVVUINN, it crumbles to dust.
It is a scroll of enchant weapon.
Your +0 dagger glows red for a moment.
There is a stone staircase leading down here.
You climb downwards.
Level annotation: Amnesiac's ghost, novice SpAr Amnesiac's ghost misses you.
Amnesiac's ghost hits you.
There is a stone staircase leading up, spattered with blood here.
Unknown command.
A worker ant comes into view.
The jelly completely misses you.
The jelly jiggles.
Evoke which item? (* to show all) (? for menu, Esc to quit)
Aiming: Corrosive Bolt
Press: ? - help, Shift-Dir - straight line, f - Amnesiac's ghost
Aim: Amnesiac's ghost, wielding a weapon of venom The bolt of acid misses Amnesiac's ghost.
The bolt of acid hits the jelly.
The jelly completely resists.
Amnesiac's ghost misses you.
Evoke which item? (* to show all) (? for menu, Esc to quit)
Aiming: Corrosive Bolt
Press: ? - help, Shift-Dir - straight line, f - Amnesiac's ghost
Aim: Amnesiac's ghost, wielding a weapon of venom The bolt of acid hits Amnesiac's ghost.
Amnesiac's ghost is splashed with acid.
Amnesiac's ghost is moderately damaged.
The bolt of acid hits the jelly.
The jelly completely resists.
Amnesiac's ghost barely misses you.
Casting: Spider Form (safe; 4% risk of failure)
Confirm with . or Enter, or press ? or * to list all spells.
You turn into a venomous arachnid creature.
Your +1 dagger melds into your body.
Your +1 helmet melds into your body.
Your +0 robe melds into your body.
Amnesiac's ghost barely misses you.
You miss Amnesiac's ghost.
Amnesiac's ghost is moderately damaged.
Amnesiac's ghost screams, "Zot is a myth, the ORB is a fable, you'll soon be a tale!"
Amnesiac's ghost hits you.
You are poisoned.
You hit Amnesiac's ghost.
Amnesiac's ghost is moderately damaged.
You feel sick. Amnesiac's ghost misses you.
Unknown command.
You feel yourself speed up.
You feel sick. Amnesiac's ghost hits you.
You are more poisoned.
You barely miss Amnesiac's ghost.
Amnesiac's ghost is moderately damaged.
You feel sick.
You miss Amnesiac's ghost.
Amnesiac's ghost is moderately damaged.
You feel sick.
Amnesiac's ghost hits you but does no damage.
You are more poisoned.
You miss Amnesiac's ghost.
Amnesiac's ghost is moderately damaged.
You feel sick.
You hit Amnesiac's ghost.
Amnesiac's ghost is heavily damaged.
You feel sick. Amnesiac's ghost hits you.
You are lethally poisoned!
You bite Amnesiac's ghost!
Amnesiac's ghost is heavily damaged.
You feel sick. Amnesiac's ghost barely misses you.
You miss Amnesiac's ghost.
Amnesiac's ghost is heavily damaged.
* * * LOW HITPOINT WARNING * * *
You feel sick.
You barely miss Amnesiac's ghost.
Amnesiac's ghost is heavily damaged.
* * * LOW HITPOINT WARNING * * *
You feel sick.
Amnesiac's ghost says, "Very impressive.
But it won't help.
Nothing will."
Amnesiac's ghost completely misses you.
You barely miss Amnesiac's ghost.
Amnesiac's ghost is heavily damaged.
* * * LOW HITPOINT WARNING * * *
You feel sick.
You closely miss Amnesiac's ghost.
Amnesiac's ghost is heavily damaged.
* * * LOW HITPOINT WARNING * * *
You feel sick.
Amnesiac's ghost says, "I could kill you with a lamp."
Amnesiac's ghost completely misses you.
Are you sure you want to abandon this character and quit the game? (Confirm with "yes".)

..........#.#..#
#...........#
...#.#<..#..###
#.### # ∆ ###.#
#..a# #.#J# ∆∆
#.#W# . #s# ..
#.# .a #.# .#.
#.# #.# ∆ #..
###


You could see a jelly, a worker ant and Amnesiac's ghost.

Vanquished Creatures
  Eustachio (D:5)
  A phantom (D:6)
  A crimson imp (D:5)
  2 jellies
  A centaur skeleton (D:4)
  2 orc wizards (D:5)
  An orc priest (D:5)
  A hound (D:6)
  Jessica (D:2)
  Ijyb (D:5)
  A worker ant (D:5)
  4 gnolls (D:6)
  3 adders
  2 leopard geckos (D:1)
  5 orcs
  7 jackals
  A bat (D:2)
  2 frilled lizards
  A goblin (D:3)
  A kobold (D:2)
  2 rats
41 creatures vanquished.

Vanquished Creatures (collateral kills)
  An orc priest (D:5)
  An orc (D:5)
  A giant cockroach zombie (D:5)
3 creatures vanquished.

Grand Total: 44 creatures vanquished

Notes
Turn   | Place    | Note
-------+----------+-------------------------------------------
     0 | D:1      | tidbits the Gnoll Transmuter began the quest for the Orb.
     0 | D:1      | Reached XP level 1. HP: 17/17 MP: 6/6
    95 | D:1      | Reached XP level 2. HP: 14/23 MP: 7/7
    99 | D:1      | Learned a level 2 spell: Sticks to Snakes
   166 | D:2      | Noticed Jessica
   170 | D:2      | Killed Jessica
   170 | D:2      | Reached skill level 5 in Spellcasting
   170 | D:2      | Reached XP level 3. HP: 24/28 MP: 5/9
   175 | D:2      | Learned a level 3 spell: Spider Form
   236 | D:2      | Reached skill level 1 in Invocations
   254 | D:2      | Reached skill level 1 in Short Blades
   254 | D:2      | Reached skill level 1 in Long Blades
   254 | D:2      | Reached skill level 1 in Axes
   254 | D:2      | Reached skill level 1 in Maces & Flails
   254 | D:2      | Reached skill level 1 in Polearms
   254 | D:2      | Reached skill level 1 in Staves
   254 | D:2      | Reached skill level 1 in Slings
   254 | D:2      | Reached skill level 1 in Bows
   254 | D:2      | Reached skill level 1 in Crossbows
   254 | D:2      | Reached skill level 1 in Throwing
   254 | D:2      | Reached skill level 1 in Armour
   254 | D:2      | Reached skill level 1 in Stealth
   254 | D:2      | Reached skill level 1 in Shields
   254 | D:2      | Reached skill level 1 in Evocations
   254 | D:2      | Reached XP level 4. HP: 34/34 MP: 1/11
   486 | D:4      | Found a sparkling altar of Nemelex Xobeh.
   488 | D:4      | Found a stormy altar of Qazlal.
   569 | D:4      | Reached skill level 1 in Conjurations
   569 | D:4      | Reached skill level 1 in Hexes
   569 | D:4      | Reached skill level 1 in Charms
   569 | D:4      | Reached skill level 1 in Summonings
   569 | D:4      | Reached skill level 1 in Necromancy
   569 | D:4      | Reached skill level 1 in Translocations
   569 | D:4      | Reached skill level 1 in Fire Magic
   569 | D:4      | Reached skill level 1 in Ice Magic
   569 | D:4      | Reached skill level 1 in Air Magic
   569 | D:4      | Reached skill level 1 in Earth Magic
   569 | D:4      | Reached skill level 1 in Poison Magic
   587 | D:5      | Entered Level 5 of the Dungeon
   601 | D:5      | Reached XP level 5. HP: 40/40 MP: 7/12
   610 | D:5      | Noticed Eustachio
   621 | D:5      | Killed Eustachio
   621 | D:5      | Reached skill level 3 in Fighting
   621 | D:5      | Reached skill level 4 in Transmutations
   621 | D:5      | Reached skill level 2 in Invocations
   621 | D:5      | Reached XP level 6. HP: 43/47 MP: 9/13
   746 | D:5      | Noticed Ijyb
   751 | D:5      | Killed Ijyb
   751 | D:5      | Reached skill level 2 in Short Blades
   751 | D:5      | Reached skill level 2 in Long Blades
   751 | D:5      | Reached skill level 2 in Axes
   751 | D:5      | Reached skill level 2 in Maces & Flails
   751 | D:5      | Reached skill level 2 in Polearms
   751 | D:5      | Reached skill level 2 in Staves
   751 | D:5      | Reached skill level 2 in Slings
   751 | D:5      | Reached skill level 2 in Bows
   751 | D:5      | Reached skill level 2 in Crossbows
   751 | D:5      | Reached skill level 2 in Throwing
   751 | D:5      | Reached skill level 2 in Armour
   751 | D:5      | Reached skill level 5 in Dodging
   751 | D:5      | Reached skill level 2 in Stealth
   751 | D:5      | Reached skill level 2 in Shields
   751 | D:5      | Reached skill level 2 in Evocations
   934 | D:5      | Reached XP level 7. HP: 33/52 MP: 12/15
  1072 | D:6      | Reached skill level 7 in Unarmed Combat
  1131 | D:6      | Reached skill level 2 in Conjurations
  1131 | D:6      | Reached skill level 2 in Hexes
  1131 | D:6      | Reached skill level 2 in Charms
  1131 | D:6      | Reached skill level 2 in Summonings
  1131 | D:6      | Reached skill level 2 in Necromancy
  1131 | D:6      | Reached skill level 2 in Translocations
  1131 | D:6      | Reached skill level 2 in Fire Magic
  1131 | D:6      | Reached skill level 2 in Ice Magic
  1131 | D:6      | Reached skill level 2 in Air Magic
  1131 | D:6      | Reached skill level 2 in Earth Magic
  1131 | D:6      | Reached skill level 2 in Poison Magic
  1141 | D:7      | Noticed Amnesiac's ghost (novice SpAr)
  1144 | D:7      | Gained mutation: You are agile. (Dex +2) [potion of mutation]
  1144 | D:7      | Gained mutation: Your system is resistant to poisons. (rPois) [potion of mutation]
  1176 | D:7      | Quit the game

Vault maps used:
D:1:      kilobyte_arrival_exit_the_forest, minmay_cut_off
D:2:      chequers_temple_overflow_minitemple, first_ration, uniq_jessica
D:3:      uniq_sigmund, uniq_robin
D:4:      nicolae_overflow_hidden_temple
D:5:      hangedman_abyss_or_decor_passed, uniq_ijyb, uniq_eustachio
D:6:      nicolae_tso_carved_into_rock
D:7:      temple_pool_b, serial_shops, nicolae_shop_crystal, the_bakery,
          uniq_crazy_yiuf_cottage

Skill      XL: |  1  2  3  4  5  6  7 |
---------------+----------------------+-----
Spellcasting   | 5 |  5.6
Invocations    | 1 2 |  2.7
Short Blades   | 1 2 |  2.5
Long Blades    | 1 2 |  2.5
Axes           | 1 2 |  2.5
Maces & Flails | 1 2 |  2.5
Polearms       | 1 2 |  2.5
Staves         | 1 2 |  2.5
Slings         | 1 2 |  2.5
Bows           | 1 2 |  2.5
Crossbows      | 1 2 |  2.5
Throwing       | 1 2 |  2.5
Armour         | 1 2 |  2.5
Stealth        | 1 2 |  2.5
Shields        | 1 2 |  2.5
Evocations     | 1 2 |  2.5
Conjurations   | 1 2 |  2.0
Hexes          | 1 2 |  2.0
Charms         | 1 2 |  2.0
Summonings     | 1 2 |  2.0
Necromancy     | 1 2 |  2.0
Translocations | 1 2 |  2.0
Fire Magic     | 1 2 |  2.0
Ice Magic      | 1 2 |  2.0
Air Magic      | 1 2 |  2.0
Earth Magic    | 1 2 |  2.0
Poison Magic   | 1 2 |  2.0
Fighting       | 3 |  3.6
Transmutations | 4 |  4.3
Dodging        | 5 |  5.2
Unarmed Combat | 7 |  7.0

Action                   |  1- 3 |  4- 6 |  7- 9 || total
-------------------------+-------+-------+-------++-------
Melee: Unarmed           |    29 |    41 |    47 ||   117
       Headbutt          |     2 |       |       ||     2
       Kick              |     2 |       |       ||     2
       Bite              |       |     2 |       ||     2
       Dagger            |       |     6 |     1 ||     7
 Cast: Beastly Appendage |     4 |     1 |       ||     5
       Sticks to Snakes  |     1 |     3 |     2 ||     6
       Spider Form       |     2 |     6 |     4 ||    12
Evoke: Wand              |       |    12 |     4 ||    16
  Use: Scroll            |       |     8 |     1 ||     9
       Potion            |       |     2 |     5 ||     7
 Stab: Sleeping          |     1 |     2 |       ||     3
       Paralysed         |       |    10 |       ||    10
       Distracted        |       |     1 |       ||     1
  Eat: Chunk             |       |     1 |     1 ||     2
Armor: Robe              |     2 |       |     1 ||     3
       Skin              |     1 |       |     1 ||     2
Dodge: Dodged            |    33 |    26 |    37 ||    96

Table legend:
 A = Spawn XP
 B = Non-spawn XP
 C = Spawn XP percentage of total XP
 D = Spawn monster count
 E = Non-spawn monster count
 F = Spawn count percentage of total count
 G = Total turns spent on level
                    A         B        C        D         E        F      G
               +---------+---------+-------+---------+---------+-------+---------
         Total |       0 |     923 |   0.0 |       0 |      44 |   0.0 |  1176
               +---------+---------+-------+---------+---------+-------+---------
           D:1 |       0 |      12 |   0.0 |       0 |       5 |   0.0 |   143
           D:2 |       0 |      71 |   0.0 |       0 |      10 |   0.0 |   191
           D:3 |       0 |      18 |   0.0 |       0 |       4 |   0.0 |    79
           D:4 |       0 |      43 |   0.0 |       0 |       2 |   0.0 |   176
           D:5 |       0 |     527 |   0.0 |       0 |      15 |   0.0 |   421
           D:6 |       0 |     252 |   0.0 |       0 |       8 |   0.0 |   135
               +---------+---------+-------+---------+---------+-------+---------

Table legend:
 A = Turns spent in this place as a percentage of turns spent in the entire game.
 B = Non-inter-level travel turns spent in this place as a percentage of non-inter-level travel turns spent in the entire game.
 C = Inter-level travel turns spent in this place as a percentage of turns spent in this place.
 D = Turns resting spent in this place as a percentage of non-inter-level travel turns spent in this place.
 E = Turns spent auto-exploring this place as a percentage of non-inter-level travel turns spent in this place.
 F = Non-inter-level travel turns spent in this place divided by the number of levels of this place that you've seen.
                   A       B       C       D       E      F
               +-------+-------+-------+-------+-------+----------------------
         Total | 100.0 | 100.0 |   0.9 |   0.0 |   5.4 | 166.4
       Dungeon | 100.0 | 100.0 |   0.9 |   0.0 |   5.4 | 166.4
               +-------+-------+-------+-------+-------+----------------------

Table legend:
 A = Kills in this place as a percentage of kills in entire the game.
 B = Kills by you in this place as a percentage of kills by you in the entire game.
 C = Kills by friends in this place as a percentage of kills by friends in the entire game.
 D = Other kills in this place as a percentage of other kills in the entire game.
 E = Experience gained in this place as a percentage of experience gained in the entire game.
 F = Experience gained in this place divided by the number of levels of this place that you have seen.
                   A       B       C       D       E      F
               +-------+-------+-------+-------+-------+----------------------
         Total | 100.0 | 100.0 | 100.0 |   N/A | 100.0 | 131.9
       Dungeon | 100.0 | 100.0 | 100.0 |   N/A | 100.0 | 131.9
               +-------+-------+-------+-------+-------+----------------------

Vault maps used:
D:1:      kilobyte_arrival_exit_the_forest, minmay_cut_off
D:2:      chequers_temple_overflow_minitemple, first_ration, uniq_jessica
D:3:      uniq_sigmund, uniq_robin
D:4:      nicolae_overflow_hidden_temple
D:5:      hangedman_abyss_or_decor_passed, uniq_ijyb, uniq_eustachio
D:6:      nicolae_tso_carved_into_rock
D:7:      temple_pool_b, serial_shops, nicolae_shop_crystal, the_bakery,
          uniq_crazy_yiuf_cottage
